 Dungeon Crawl Stone Soup version 0.29.1-2-gbd0b4ee654 (webtiles) character file.

Game seed: 13667065860395250786

116 KennySheep the Shooter (level 5, -1/41 HPs)
             Began as a Barachi Hunter on Nov 22, 2022.
             Was a Follower of Uskayaw.
             Engulfed by a cloud of poison gas (6 damage)
             ... on level 4 of the Dungeon.
             The game lasted 00:07:04 (2925 turns).

KennySheep the Shooter (Barachi Hunter)             Turns: 2925, Time: 00:07:05

Health: -1/41      AC:  6    Str: 12    XL:     5   Next: 1%
Magic:  2/5        EV: 13    Int:  9    God:    Uskayaw [*.....]
Gold:   120        SH:  0    Dex: 18    Spells: 4/4 levels left

rFire   . . .      SeeInvis .   a - +0 shortbow
rCold   . . .      Faith    .   (shield currently unavailable)
rNeg    . . .      Spirit   .   h - +3 leather armour
rPois   .          Reflect  .   (no helmet)
rElec   .          Harm     .   (no cloak)
rCorr   .          Rampage  .   (no gloves)
Will    .....                   (no boots)
Stlth   ++........              (no amulet)
HPRegen 0.13/turn               (no ring)
MPRegen 0.09/turn               (no ring)

@: brilliant, lethally poisoned (-1 -> -18), flying, slow
A: amphibious, slowness 1, strong legs 1, +LOS
a: Hop, Renounce Religion, Stomp


You were on level 4 of the Dungeon.
You worshipped Uskayaw.
Uskayaw was noncommittal.
You visited 1 branch of the dungeon, and saw 4 of its levels.

You collected 120 gold pieces.

Inventory:

Hand Weapons
 a - a +0 shortbow (weapon)
Armour
 h - a +3 leather armour (worn)
Jewellery
 g - a ring of fire
 i - a ring of wizardry
Scrolls
 b - 3 scrolls of immolation
 d - a scroll of blinking
 e - a scroll of enchant weapon {unknown}
 f - 4 scrolls of identify
 n - a scroll of teleportation {unknown}
 o - a scroll of enchant armour {unknown}
 p - 2 scrolls of poison
 q - a scroll of vulnerability {unknown}
Potions
 j - 3 potions of curing
 m - a potion of haste


   Skills:
 + Level 3.4 Fighting
 * Level 5.0 Ranged Weapons
 + Level 3.1 Dodging
 + Level 2.0 Stealth


You had 4 spell levels left.
You didn't know any spells.
Your spell library contained the following spells:

 Spells                   Type           Power      Damage    Failure   Level
 Sublimation of Blood     Necr           0%         N/A       61%         2
 Wereblood                Tmut           0%         N/A       61%         2
 Ozocubu's Armour         Ice            0%         N/A       83%         3
 Anguish                  Hex/Necr       0%         N/A       99%         4
 Enfeeble                 Hex            0%         N/A       100%        7
 Ozocubu's Refrigeration  Ice            0%         4d7       100%        7
 Summon Hydra             Summ           0%         N/A       100%        7


Dungeon Overview and Level Annotations

Branches:
Dungeon (4/15)
 Temple: D:4-7

Altars:
Ru
Uskayaw
The Shining One

Annotations:
D:3 2 runed translucent doors, Rudyous's ghost, amateur HOFi


Innate Abilities, Weirdness & Mutations

You are amphibious.
You cover ground slowly.
You can hop short distances.
You have an extended range of vision and can be seen from far away.


Message History

You shoot an arrow. The arrow hits the hound.
The hound is severely wounded.
You feel sick.
You are no longer poisoned.
The hound bites you.
* * * LOW HITPOINT WARNING * * *
The hound misses you.
Okay, then.
As you read the scroll labelled RARERI ZAOTED, it crumbles to dust.
It is a scroll of identify.
j - 3 potions of curing The hound barely misses you.
The orc wizard gestures wildly while chanting.
The orc wizard flickers and vanishes!
Deactivating autopickup; reactivate with Ctrl-A.
It was a potion of haste.
You feel yourself speed up.
The hound bites you but does no damage. x2
It was a potion of cancellation.
Your magical effects are unravelling.
You feel magically purged.
You feel yourself slow down. The hound closely misses you.
It was a potion of brilliance.
You feel clever all of a sudden. The hound closely misses you.
It was a potion of flight.
You feel very buoyant.
You fly up into the air.
The hound closely misses you. The hound bites you but does no damage.
The air fills with toxic fumes!
As you read the scroll labelled DELYHE HECKOWA, it crumbles to dust.
It was a scroll of poison.
The hound bites you.
* * * LOW HITPOINT WARNING * * *
Blink to where?
Press: ? - help, Dir - move target, p - orc priest Really blink into that cloud of poison gas?
As you read the scroll labelled CITUNY ZOGURIR, it crumbles to dust.
It was a scroll of blinking.
You are engulfed in poison gas.
You are lethally poisoned!
You die...

# #### #... #.##
########### #.##
........@§# ########.##
#########§# #.........#
#§#####.........#
#§#.............# ..
#§#.###.........# ...###
#§#.#.........|.#
......##h#.#.#..........
.....).o{#.#.#...<####..
......§§o#.#.#.#######..


You could see a hound and an orc priest.

Vanquished Creatures
  6 adders
  A worm (D:3)
  A dart slug (D:4)
  5 orcs
  6 endoplasms
  6 goblins
  5 hobgoblins
  10 kobolds
  A quokka (D:1)
  3 ball pythons
  3 bats
  2 frilled lizards (D:2)
  4 rats
53 creatures vanquished.

Notes
Turn   | Place    | Note
-------+----------+-------------------------------------------
     0 | D:1      | KennySheep the Barachi Hunter began the quest for the Orb.
     0 | D:1      | Reached XP level 1. HP: 17/17 MP: 1/1
   103 | D:1      | Reached skill level 1 in Stealth
   232 | D:1      | Reached XP level 2. HP: 23/23 MP: 2/2
   857 | D:1      | Reached XP level 3. HP: 24/28 MP: 3/3
  1120 | D:2      | Found a faded altar of an unknown god.
  1125 | D:2      | Prayed at the altar of an unknown god.
  1125 | D:2      | Became a worshipper of Uskayaw the Reveller
  1125 | D:2      | Reached * piety under Uskayaw
  1178 | D:2      | Reached ** piety under Uskayaw
  1181 | D:2      | Reached XP level 4. HP: 33/35 MP: 4/4
  2006 | D:3      | Found a sacrificial altar of Ru.
  2070 | D:3      | Found a large runed translucent door.
  2071 | D:3      | Found a large runed translucent door.
  2075 | D:3      | Noticed Rudyous's ghost (amateur HOFi)
  2097 | D:3      | Found a glowing golden altar of the Shining One.
  2192 | D:3      | Reached *** piety under Uskayaw
  2836 | D:4      | Reached skill level 5 in Ranged Weapons
  2910 | D:4      | Reached XP level 5. HP: 41/41 MP: 5/5
  2925 | D:4      | Engulfed by a cloud of poison gas

Illustrated notes

Levels and vault maps discovered:
D:1:      dpeg_arrival_shelter, layout_basic, minmay_splitting_lines,
          hangedman_decor_growths, hangedman_decor_points
D:2:      layout_basic, shapermc_ecumenical_altar_petra
D:3:      layout_basic, mainiacjoe_overflow_alcove_1,
          mainiacjoe_overflow_cross_hatched, ebering_ghost_disaster_area
D:4:      minmay_door_path, layout_basic, minmay_temple_entry_crystal_x,
          uniq_eustachio

Skill      XL: |  1  2  3  4 |
---------------+-------------+-----
Stealth        | 1 2 |  2.0
Fighting       | 3 |  3.4
Dodging        | 3 |  3.1
Ranged Weapons | 5 |  5.0

Action                   |  1- 3 |  4- 6 || total
-------------------------+-------+-------++-------
 Fire: Shortbow          |    97 |    84 ||   181
Invok: Line Pass         |       |     1 ||     1
 Abil: Hop               |     1 |       ||     1
  Use: Potion            |       |     4 ||     4
       Scroll            |       |     3 ||     3
Armor: Leather armour    |    17 |    18 ||    35
Dodge: Dodged            |    31 |    38 ||    69
